 Dungeon Crawl Stone Soup version 0.31-a0-1370-gf52a5a9ab3 (webtiles) character file.

Game seed: 10017420733689669330

1517179 freelancePsychic the Ruinous (level 26, 218/218 HPs)
             Began as a Demonspawn Air Elementalist on Dec 20, 2023.
             Was the Champion of Vehumet.
             Escaped with the Orb
             ... and 3 runes on Dec 23, 2023!
             The game lasted 02:37:34 (86487 turns).

freelancePsychic the Ruinous (DsAE)                Turns: 86487, Time: 02:37:34

Health: 218/218    AC: 29    Str: 18    XL:     26   Next: 64%
Magic:  43/43      EV: 17    Int: 31    God:    Vehumet [******]
Gold:   6083       SH: 22    Dex: 11    Spells: 21/58 levels left

rFire   + + .        Y - staff of air
rCold   + + +        Q - +5 kite shield {AC+3}
rNeg    + . .        A - +1 leather armour "Ronev" {rF+ Regen+ Str+3}
rPois   .            w - +2 helmet
rElec   +            e - +2 cloak
rCorr   +            (gloves unavailable)
SInv    .            B - +2 pair of boots of Good Intentions {rElec rF+ Stlth+}
Will    +++++        I - amulet of the Four Winds {rN+ Will+++ Clar}
Stlth   +            z - ring of Dipiofaa {rC++ rCorr Str+6 Dex-3}
HPRegen 1.36/turn    O - +6 ring of intelligence
MPRegen 0.28/turn

%: clarity
@: studying 2 skills
A: icy blue scales 3, icemail 2, powered by pain 3, torment resistance 1,
condensation shield, demonic willpower, demonic touch 3, clumsy 1, deterioration
1, shaggy fur 1, inability to drink after injury 1, persistent drain
0: Orb of Zot
}: 3/15 runes: barnacled, silver, gossamer
a: Renounce Religion


You escaped.
You worshipped Vehumet.
Vehumet was exalted by your worship.
You visited 11 branches of the dungeon, and saw 51 of its levels.
You visited 1 bazaar.
You also visited: Ossuary, Gauntlet, Ice Cave and Wizlab.

You collected 9939 gold pieces.
You spent 3856 gold pieces at shops.

Inventory:

Missiles
 P - 5 throwing nets
Armour
 e - a +2 cloak (worn)
 w - a +2 helmet (worn)
 A - the +1 leather armour "Ronev" (worn) {rF+ Regen+ Str+3}
   (You bought it in a shop on level 6 of the Dungeon)

   Str+3:     It affects your strength (+3).
   rF+:       It protects you from fire.
   Regen+:    It increases your rate of health regeneration.
 B - the +2 pair of boots of Good Intentions (worn) {rElec rF+ Stlth+}
   (You found it on level 4 of the Spider Nest)

   rF+:       It protects you from fire.
   rElec:     It insulates you from electricity.
   Stlth+:    It makes you more stealthy.
 Q - a +5 kite shield of protection (worn)
Magical Staves
 Y - a staff of air (weapon)
Jewellery
 j - an amulet of regeneration
 m - a ring of fire
 s - an amulet of magic regeneration
 x - a ring of fire
 z - the ring of Dipiofaa (left hand) {rC++ rCorr Str+6 Dex-3}
   (You took it off a tengu warrior on level 14 of the Dungeon)

   [ring of strength]

   Str+6:     It affects your strength (+6).
   Dex-3:     It affects your dexterity (-3).
   rC++:      It greatly protects you from cold.
   rCorr:     It protects you from acid and corrosion.
 I - the amulet of the Four Winds (around neck) {rN+ Will+++ Clar}
   (You found it in a Gauntlet)

   [amulet of nothing]

   rN+:       It protects you from negative energy.
   Will+++:   It greatly increases your willpower.
   Clar:      It protects you from confusion, rage, mesmerisation and fear.
 O - a +6 ring of intelligence (right hand)
 W - the ring of Entrepreneurial Spirit {Fly rPois rCorr Slay-5}
   (You took it off a minotaur in a Gauntlet)

   [ring of flight]

   Slay-5:    It affects your accuracy & damage with ranged weapons and melee
   (-5).
   rPois:     It protects you from poison Fly: It grants you flight.
   rCorr:     It protects you from acid and corrosion.
Wands
 b - a wand of flame (122)
 r - a wand of polymorph (9)
 y - a wand of quicksilver (44)
 M - a wand of digging (9)
 R - a wand of mindburst (61)
 V - a wand of paralysis (51)
Scrolls
 f - 6 scrolls of enchant weapon
 g - 12 scrolls of fog
 h - 9 scrolls of vulnerability
 D - 20 scrolls of teleportation {@r4}
 E - 4 scrolls of brand weapon
 G - 9 scrolls of immolation
 H - 3 scrolls of silence
 J - 4 scrolls of enchant armour
 K - 6 scrolls of poison
 S - 7 scrolls of amnesia
 U - 2 scrolls of torment
 X - 2 scrolls of fear
 Z - 6 scrolls of revelation
Potions
 k - a potion of invisibility
 l - 6 potions of might
 n - 21 potions of curing {@q1}
 o - 9 potions of mutation
 p - 4 potions of brilliance
 q - 6 potions of enlightenment
 u - 8 potions of attraction
 v - 13 potions of haste {@q3}
 C - 4 potions of lignification
 F - 6 potions of resistance
 L - a potion of heal wounds {@q2}
 N - 4 potions of berserk rage
 T - 6 potions of ambrosia
Miscellaneous
 a - a lightning rod (4/4)
 c - a phantom mirror
 i - a phial of floods


   Skills:
 - Level 20.0 Fighting
 - Level 12.0 Staves
 * Level 16.4 Dodging
 - Level 1.7 Stealth
 - Level 15.0 Shields
 + Level 16.7 Spellcasting
 + Level 25.5 Conjurations
 - Level 11.5 Fire Magic
 - Level 21.7 Air Magic
 - Level 10.0 Alchemy


You had 21 spell levels left.
You knew the following spells:

 Your Spells              Type           Power      Damage    Failure   Level
a - Chain Lightning       Conj/Air       65%        3d87      5%          9
b - Eringya's Noxious Bo  Alch           36%        4d6       2%          6
c - Mephitic Cloud        Conj/Alch/Air  100%       N/A       0%          3
d - Airstrike             Air            63%        2d(10-26) 0%          4
e - Maxwell's Capacitive  Air            63%        ∞         1%          8
f - Shock                 Conj/Air       100%       1d9       0%          1
i - Plasma Beam           Fire/Air       57%        2x1d72    1%          6

Your spell library contained the following spells:

 Spells                   Type           Power      Damage    Failure   Level
 Polar Vortex             Ice            12%        12d1*     100%        9
 Foxfire                  Conj/Fire      100%       2x1d9     0%          1
 Kiss of Death            Conj/Necr      100%       2d13      0%          1
 Magic Dart               Conj           100%       1d8       0%          1
 Sting                    Conj/Alch      100%       1d9       0%          1
 Mercury Vapours          Alch/Air       100%       N/A       0%          2
 Searing Ray              Conj           100%       2d8       0%          2
 Static Discharge         Conj/Air       100%       3-8/arc   0%          2
 Swiftness                Air            100%       N/A       0%          3
 Flame Wave               Conj/Fire      96%        2d20      0%          4
 Fulminant Prism          Conj/Alch      47%        3d21      0%          4
 Iskenderun's Battlesphe  Conj           100%       2d15      0%          5
 Sandblast                Erth           50%        2d12      1%          1
 Cigotuvi's Dreadful Rot  Necr/Alch/Air  100%       N/A       1%          2
 Momentum Strike          Conj/Tloc      100%       3d10      1%          2
 Passwall                 Alch/Erth      45%        N/A       1%          2
 Dazzling Flash           Conj/Hex       100%       N/A       1%          3
 Hailstorm                Conj/Ice       81%        3d14      1%          3
 Inner Flame              Hex/Fire       57%        N/A       1%          3
 Stone Arrow              Conj/Erth      100%       3d13      1%          3
 Volatile Blastmotes      Fire/Tloc      100%       2d18      1%          3
 Brom's Barrelling Bould  Conj/Erth      81%        2d9       1%          4
 Ignite Poison            Fire/Alch      75%        N/A       1%          4
 Iskenderun's Mystic Bla  Conj/Tloc      81%        2d16      1%          4
 Olgreb's Toxic Radiance  Alch           73%        N/A       1%          4
 Sticky Flame             Fire/Alch      75%        2d12      1%          4
 Alistair's Intoxication  Alch           48%        N/A       1%          5
 Fireball                 Conj/Fire      48%        3d19      1%          5
 Freezing Cloud           Conj/Ice/Air   55%        6-21      1%          5
 Silence                  Hex/Air        48%        N/A       1%          5
 Conjure Ball Lightning   Conj/Air       65%        3x3d23    1%          6
 Starburst                Conj/Fire      48%        6d13      1%          6
 Orb of Destruction       Conj           55%        9d14      1%          7
 Apportation              Tloc           50%        N/A       3%          1
 Necrotise                Necr           100%       1d9       3%          1
 Slow                     Hex            100%       N/A       3%          1
 Summon Small Mammal      Summ           100%       N/A       3%          1
 Yara's Violent Unravell  Hex/Alch       27%        3d12      3%          5
 Blink                    Tloc           50%        N/A       4%          2
 Call Imp                 Summ           50%        N/A       4%          2
 Ensorcelled Hibernation  Hex/Ice        50%        N/A       4%          2
 Jinxbite                 Hex            50%        N/A       4%          2
 Lesser Beckoning         Tloc           50%        N/A       4%          2
 Sublimation of Blood     Necr           25%        N/A       4%          2
 Spellforged Servitor     Conj/Summ      40%        N/A       4%          7
 Call Canine Familiar     Summ           25%        N/A       10%         3
 Confusing Touch          Hex            25%        N/A       10%         3
 Fugue of the Fallen      Necr           25%        N/A       10%         3
 Gell's Gravitas          Tloc           25%        N/A       10%         3
 Sigil of Binding         Hex            25%        N/A       10%         3
 Summon Guardian Golem    Hex/Summ       25%        N/A       10%         3
 Teleport Other           Tloc           25%        N/A       10%         3
 Vampiric Draining        Necr           25%        2d7       10%         3
 Lehudib's Crystal Spear  Conj/Erth      40%        10d10     28%         8
 Anguish                  Hex/Necr       12%        N/A       32%         4
 Animate Dead             Necr           25%        N/A       32%         4
 Dispel Undead            Necr           25%        3d12      32%         4
 Manifold Assault         Tloc           25%        N/A       32%         4
 Passage of Golubria      Tloc           25%        N/A       32%         4
 Summon Ice Beast         Ice/Summ       25%        N/A       32%         4
 Fire Storm               Conj/Fire      48%        8d12      38%         9
 Ignition                 Fire           38%        3d11      41%         8
 Agony                    Necr           25%        N/A       65%         5
 Borgnjor's Vile Clutch   Necr/Erth      12%        N/A       65%         5
 Summon Forest            Summ/Tloc      12%        N/A       65%         5
 Death Channel            Necr           12%        N/A       99%         6
 Dispersal                Tloc           12%        N/A       99%         6
 Simulacrum               Ice/Necr       12%        N/A       99%         6
 Enfeeble                 Hex            12%        N/A       100%        7
 Haunt                    Necr/Summ      12%        N/A       100%        7
 Malign Gateway           Summ/Tloc      12%        N/A       100%        7
 Borgnjor's Revivificati  Necr           12%        N/A       100%        8
 Discord                  Hex            12%        N/A       100%        8
 Disjunction              Tloc           12%        N/A       100%        8
 Shatter                  Erth           12%        3d13*     100%        9


Dungeon Overview and Level Annotations

Branches:
Dungeon (15/15)            Temple (1/1) D:7            Lair (5/5) D:8
 Shoals (4/4) Lair:2       Spider (4/4) Lair:3        Slime (0/5) Lair:4
    Orc (2/2) D:12            Elf (3/3) Orc:2        Vaults (5/5) D:13
  Crypt (3/3) Vaults:2       Tomb (0/3) Crypt:3      Depths (4/4) D:15
    Zot (5/5) Depths:4    Ossuary (visited)           IceCv (visited)
 WizLab (visited)         Gauntlet (visited)

Altars:
Ashenzari
Cheibriados
Dithmenos
Fedhas
Gozag
Hepliaklqana
Kikubaaqudgha
Makhleb
Nemelex Xobeh
Okawaru
Qazlal
Ru
Sif Muna
Trog
Uskayaw
Vehumet
Wu Jian
Xom
Yredelemnul
Jiyva

Shops:
D:6 [   D:7 :   Orc:2 [:[[   Elf:2 *   Shoals:3 :=[!(   Vaults:1 [   Vaults:2 ?
Vaults:4 *   Depths:4 :=:

Portals:
Hell: Depths:1 Depths:2 Depths:3 Depths:4
Abyss: Depths:1 Depths:2 Depths:3
Pandemonium: Depths:2
Ziggurat: Depths:4
Trove: Elf:2 (give horn of Geryon)

Annotations:
D:6 1 exclusion
D:7 1 runed translucent door, MothFluffs's ghost, novice DgCj
D:10 exclusion: two-headed ogre
D:11 1 exclusion
Lair:2 2 transporters, gdog's ghost, journeyman GnDe
Elf:2 3 runed translucent doors
Zot:4 2 transporters, Cemmere's ghost, veteran TrCK


Innate Abilities, Weirdness & Mutations

You are completely covered in icy blue scales. (AC +4, rC+)
A meltable icy envelope protects you from harm. (AC +8)
You are powered by pain.
You are resistant to unholy torment.
A meltable shield of frost defends you. (SH +4)
You punish those that try to bend your will. (Will+)
Your touch may irresistibly damage your foes and sap their willpower.
You are clumsy. (Dex -2)
Your body sometimes deteriorates upon taking damage.
You are covered in fur. (AC +1)
You occasionally lose the ability to drink potions when taking damage.
Your health recovers twice as slowly from being drained.


Message History

You kill the golden eye!
Vehumet accepts your kill.
You feel your power returning.
The bolt of lightning hits the golden eye!!
You kill the golden eye!
Vehumet accepts your kill.
You feel your power returning.
The bolt of lightning hits the golden eye!!!!
You kill the golden eye!
Vehumet accepts your kill.
The bolt of lightning hits the golden eye!!!!
You kill the golden eye!
Vehumet accepts your kill.
You feel your power returning.
What level of the Dungeon? (default 1, ? - help)
A demonspawn corrupter and a cacodemon come into view.
There is a stone staircase leading up here.
Unknown command.
Unknown command.
Unknown command.
Unknown command.
Unknown command.
Unknown command.
Unknown command.
Unknown command.
Unknown command.
Unknown command.
Unknown command.
Unknown command.
Unknown command.
The cacodemon shouts!
You climb upwards.
There is a stone staircase leading down here.
Unknown command.
What level of the Dungeon? (default 1, ? - help) Magic restored.
You open the door.
There is an open door here.
There is a staircase leading out of the dungeon here.
You have escaped!

..................# #.†#
#.)....##........############.#
.†####.##..................##.###
.## #.......................)...
## ###..........##.#########...
#...........#...# ####..# #####
#....)+++'++###.####.###..
....####.....+....+..#.#.........
.#...........+..@.+..............
........#....+....+..##........÷.
.........##..'....+...###........
..........##.++++++..............
.................................
...............####.####.........
..........#########.## #.........
..........# #_...###.#..#####
.........## #.....##.#....##


There were no monsters in sight!

Vanquished Creatures
  3 dread liches
  7 orbs of fire
  A juggernaut (Depths:4)
  Sojobo (Vaults:4)
  Boris (twice) (Depths:3 Depths:4)
  Josephina (Zot:1)
  4 Killer Klowns (Zot:5)
  A pandemonium lord (D:15)
  The ghost of Viul Aps the Executioner, a veteran FoFi of Dithmenos (Crypt:1)
  Margery (Vaults:3)
  5 caustic shrikes
  14 golden dragons
  Jory (Vaults:3)
  Norris (Elf:1)
  A Tzitzimitl (Zot:4)
  12 tentacled monstrosities
  4 electric golems
  3 doom hounds (Zot:1)
  A hellephant (Vaults:3)
  A walking earthen tome (Depths:4)
  A walking crystal tome (Depths:2)
  Mlioglotl (Shoals:1)
  26 Orb Guardians
  2 quicksilver dragons
  Grunn (Zot:1)
  2 deep elf blademasters (Elf:3)
  4 titans
  10 sphinxes
  4 deep elf master archers (Elf:3)
  8 liches
  A kraken (Shoals:4)
  7 tengu reavers
  7 ancient champions
  6 death cobs
  Agnes (Spider:4)
  15 storm dragons
  9 shadow dragons
  4 protean progenitors (Zot:5)
  10 draconian shifters
  11 draconian knights
  2 revenants
  10 deep elf sorcerers
  15 fire giants
  9 frost giants
  8 draconian monks
  A nagaraja (WizLab)
  14 vault wardens
  3 ghost moths
  6 draconian scorchers
  A balrug (Depths:2)
  Louise (Depths:2)
  4 deep elf elementalists (Elf:3)
  2 emperor scorpions (Spider:4)
  A curse skull (Crypt:1)
  2 ghouls
  A draconian stormcaller (Zot:3)
  A reaper (IceCv)
  22 ironbound preservers
  3 spriggan defenders (Depths:2)
  16 very ugly things
  4 draconian annihilators
  5 war gargoyles
  3 demonspawn corrupters (WizLab)
  18 stone giants
  6 ironbound thunderhulks
  2 broodmothers (Spider:4)
  11 deep elf death magi
  4 deep elf demonologists
  A rockslime zombie (Crypt:2)
  9 red draconians
  12 green draconians
  20 vampire knights
  13 white draconians
  10 black draconians
  14 dire elephants
  4 demonspawn black suns (Zot:2)
  7 deep elf annihilators
  12 yellow draconians
  A minotaur (Gauntlet)
  19 purple draconians
  5 eidola
  5 spark wasps
  11 ettins
  5 merfolk javelineers
  2 crystal guardians
  A green death (Gauntlet)
  7 merfolk impalers
  11 jiangshi
  4 fire dragons
  6 deep elf high priests
  13 yaktaur captains
  4 rakshasas
  5 entropy weavers
  4 great orbs of eyes
  5 jorogumos
  5 peacekeepers
  12 hydras
  8 ironbound frosthearts
  9 ice dragons
  5 spriggan air magi
  A radroach (Spider:1)
  33 vault guards
  An ogre mage (Vaults:5)
  Erica (D:9)
  18 centaur warriors
  6 merfolk avatars
  A catoblepas (D:14)
  5 merfolk aquamancers
  2 two-headed ogres
  5 death knights
  4 alligator snapping turtles
  7 boulder beetles
  2 hell hogs (Lair:5)
  8 deep troll earth magi
  10 deep troll shamans
  A titan zombie (Crypt:3)
  5 tengu warriors
  14 dancing weapons
  7 demonic crawlers
  A bennu skeleton (Crypt:2)
  6 occultists
  12 vampire magi
  8 death scarabs (Spider:4)
  3 orc high priests (Orc:2)
  5 spriggan berserkers
  6 deep elf knights
  A soul eater (Crypt:3)
  11 hell knights
  42 skeletal warriors
  5 spriggans
  8 skysharks
  6 pharaoh ants
  A shadow wraith (Crypt:2)
  A skyshark (shapeshifter) (Depths:2)
  14 iron trolls
  A spark wasp zombie (Crypt:3)
  Lodul (D:13)
  2 bunyip zombies
  2 sun moths
  2 bog bodies (Crypt:1)
  7 flayed ghosts
  59 deep trolls
  A glowing orange brain (shapeshifter) (Vaults:5)
  An orange crystal statue (Depths:1)
  A spriggan druid (WizLab)
  10 orb spiders
  6 glowing orange brains
  A swamp dragon (shapeshifter) (Depths:2)
  A kraken simulacrum (Shoals:4)
  8 orc knights
  12 sea snakes
  28 phantasmal warriors
  9 arcanists
  9 lindwurms
  8 steelbarb worms
  8 deep elf archers
  2 spectral wolf spiders (Spider:4)
  A wolf spider zombie (Spider:4)
  26 ironbound convokers
  7 necromancers
  10 deep elf zephyrmancers
  19 ugly things
  3 worldbinders (WizLab)
  17 harpies
  21 deep elf pyromancers
  4 cyclopes
  19 wolf spiders
  A frost giant zombie (Crypt:1)
  A stone giant zombie (Crypt:3)
  13 manticores
  2 fauns (shapeshifter) (Vaults:5)
  8 orc sorcerers
  33 moths of wrath
  A faun (Shoals:3)
  A dire elephant zombie (Crypt:3)
  3 centaur zombies
  9 black mambas
  9 elephants
  9 merfolk sirens
  A torpor snail (shapeshifter) (Vaults:5)
  2 naga zombies (Crypt:3)
  A water nymph (shapeshifter) (Vaults:5)
  5 kobold blastminers
  22 vault sentinels
  2 torpor snails
  4 water nymphs
  8 cane toads
  A titan simulacrum (Crypt:3)
  2 ice statues (IceCv)
  2 molten gargoyles (Lair:5)
  A centaur skeleton (D:15)
  2 gargoyles
  2 orange demons (Gauntlet)
  4 redback zombies
  2 kobold demonologists
  A spectral redback (Spider:4)
  A green draconian zombie (Crypt:3)
  2 efreet
  A komodo dragon (shapeshifter) (D:14)
  3 rime drakes
  6 freezing wraiths
  21 yaktaurs
  An alligator snapping turtle skeleton (Crypt:3)
  5 tengu conjurers
  A sea snake skeleton (Crypt:3)
  A pale draconian skeleton (Crypt:1)
  7 guardian mummies
  12 komodo dragons
  A black draconian skeleton (Crypt:2)
  2 harpy zombies (Crypt:3)
  6 ice devils (IceCv)
  5 polar bears
  A meliai (Spider:3)
  3 meliai (shapeshifter)
  8 trolls
  5 spectral jumping spiders (Spider:4)
  A death drake zombie (Crypt:3)
  2 tarantellas (shapeshifter)
  3 wind drakes
  8 hornets
  22 merfolk
  14 blink frogs
  A wolf spider simulacrum (D:15)
  6 snapping turtles
  4 spectral tarantellas (Spider:4)
  A hellwing (D:15)
  10 tarantellas
  2 glass eyes (Depths:2)
  A dream sheep (shapeshifter) (Depths:2)
  A fire dragon zombie (Crypt:2)
  3 ettin zombies
  3 dream sheep (Shoals:2)
  36 slime creatures
  A culicivora zombie (Spider:4)
  A jumping spider (shapeshifter) (Elf:1)
  2 tarantella zombies (Spider:4)
  26 jumping spiders
  3 shadows
  7 centaur simulacra
  A dire elephant simulacrum (IceCv)
  A spriggan (shapeshifter) (D:12)
  An air elemental (Elf:1)
  4 vampires
  17 water elementals
  8 culicivoras
  2 ettin skeletons
  6 wyverns
  73 yaks
  12 wraiths
  2 ynoxinuls
  A basilisk (shapeshifter) (D:12)
  A fire elemental (Elf:1)
  A hog (shapeshifter) (D:14)
  A yellow draconian simulacrum (Zot:1)
  5 golden eyes (D:2)
  8 basilisks
  3 steam dragons
  15 vampire mosquitoes
  A death yak simulacrum (IceCv)
  29 redbacks
  A green draconian simulacrum (Zot:1)
  A water nymph zombie (Crypt:3)
  3 harpy simulacra
  An acid dragon (D:10)
  A hydra simulacrum (IceCv)
  14 water moccasins
  A two-headed ogre skeleton (Crypt:2)
  A fire bat skeleton (Crypt:1)
  14 orc warriors
  4 hell hounds (Lair:5)
  2 moth of wrath simulacra (Zot:1)
  A sky beast (D:7)
  4 ice beasts
  7 black bears
  13 ogres
  5 boggarts
  A wolf (Lair:1)
  14 centaurs
  2 phantoms
  A yaktaur zombie (Crypt:2)
  5 kobold brigands
  A vine stalker zombie (Crypt:1)
  5 bullfrogs
  A cyclops zombie (Crypt:3)
  3 necrophages
  2 elf skeletons
  2 earth elementals (Elf:2)
  A gnoll sergeant (D:12)
  3 scorpions
  A small abomination (D:15)
  A two-headed ogre simulacrum (IceCv)
  A scorpion (shapeshifter) (D:12)
  A cane toad simulacrum (IceCv)
  3 water moccasin zombies (Ossuary)
  A wyvern skeleton (Crypt:3)
  17 wights
  2 troll zombies (D:12)
  6 killer bees (D:6)
  A howler monkey (shapeshifter) (D:12)
  2 howler monkeys
  7 electric eels
  2 quasits (D:6)
  5 lava snakes (Lair:5)
  A bullfrog zombie (Crypt:2)
  5 human zombies (Crypt:1)
  6 jellies
  21 orc priests
  7 hounds
  A spectral scorpion (Ossuary)
  7 iguanas
  24 orc wizards
  5 hell rats (Lair:2)
  5 spriggan simulacra
  2 wolf simulacra (IceCv)
  7 ogre zombies
  A bullfrog simulacrum (Ossuary)
  2 boggart simulacra (D:15)
  12 mummies
  Robin (D:4)
  5 river rats (Lair:2)
  5 adders
  3 naga simulacra (IceCv)
  3 shadow imps
  6 white imps
  5 ufetubi
  3 adder zombies (Ossuary)
  A worm (D:4)
  4 dart slugs
  69 orcs
  10 endoplasms
  5 giant cockroaches
  25 goblins
  8 hobgoblins
  8 jackals
  29 kobolds
  4 quokkas
  8 ball pythons
  4 bats (D:1)
  4 frilled lizards (D:1)
  A frilled lizard zombie (Crypt:1)
  7 gnoll skeletons
  8 gnoll zombies
  4 hobgoblin zombies (Ossuary)
  A jackal skeleton (Crypt:1)
  8 kobold zombies
  25 orc zombies
  A quokka zombie (Crypt:3)
  15 rats
  8 aspiring fleshes (Zot:5)
2338 creatures vanquished.

Vanquished Creatures (collateral kills)
  A demonic crawler (Spider:1)
  A two-headed ogre simulacrum (IceCv)
  A wolf simulacrum (IceCv)
  A white imp (IceCv)
4 creatures vanquished.

Vanquished Creatures (others)
  A demonspawn corrupter (WizLab)
1 creature vanquished.

Grand Total: 2343 creatures vanquished

Notes
Turn   | Place    | Note
-------+----------+-------------------------------------------
     0 | D:1      | freelancePsychic the Demonspawn Air Elementalist began the
                  | quest for the Orb.
     0 | D:1      | Reached XP level 1. HP: 13/13 MP: 3/3
   153 | D:1      | Gained mutation: A meltable shield of frost defends you.
                  | (SH +4) [demonic ancestry]
   153 | D:1      | Reached XP level 2. HP: 19/19 MP: 1/5
   489 | D:1      | Found a faded altar of an unknown god.
   704 | D:1      | Gained mutation: You sometimes gain a little power by
                  | taking damage. [demonic ancestry]
   704 | D:1      | Reached XP level 3. HP: 24/24 MP: 2/6
  1101 | D:2      | Found an opulent altar of Gozag.
  1701 | D:2      | Gained mutation: A meltable icy envelope protects you from
                  | harm. (AC +8) [demonic ancestry]
  1701 | D:2      | Reached XP level 4. HP: 28/30 MP: 1/8
  3043 | D:3      | Reached skill level 1 in Fighting
  3043 | D:3      | Reached XP level 5. HP: 37/37 MP: 1/9
  3267 | D:3      | Reached skill level 5 in Air Magic
  3421 | D:3      | Found a sacrificial altar of Ru.
  3683 | D:3      | Found an ancient bone altar of Kikubaaqudgha.
  3831 | D:4      | Noticed an ogre
  3888 | D:4      | Noticed a black bear
  4155 | D:4      | Noticed a phantom
  4346 | D:5      | Entered Level 5 of the Dungeon
  4356 | D:5      | Gained mutation: You are partially covered in icy blue
                  | scales. (AC +2) [demonic ancestry]
  4356 | D:5      | Reached XP level 6. HP: 36/45 MP: 5/10
  4362 | D:5      | Learned a level 4 spell: Airstrike
  4505 | D:5      | Found a sand-covered staircase.
  4609 | Ossuary  | Entered an ossuary
  4994 | Ossuary  | Reached XP level 7. HP: 39/52 MP: 3/11
  5609 | D:5      | Noticed a wyvern
  6368 | D:4      | Reached XP level 8. HP: 57/61 MP: 4/13
  6558 | D:4      | Found a basalt altar of Yredelemnul.
  6923 | D:4      | Noticed Robin
  7030 | D:4      | Killed Robin
  7221 | D:4      | Noticed an angel
  7593 | D:5      | Reached skill level 5 in Fighting
  8208 | D:5      | Reached skill level 5 in Spellcasting
  8410 | D:5      | Found a stormy altar of Qazlal.
  8412 | D:5      | Found a blossoming altar of Fedhas.
  8417 | D:5      | Found a broken altar of Ashenzari.
  8518 | D:5      | Found a shadowy altar of Dithmenos.
  8816 | D:6      | Gained mutation: A meltable icy envelope protects you from
                  | harm. (AC +8) [demonic ancestry]
  8816 | D:6      | Reached XP level 9. HP: 69/69 MP: 8/17
  9142 | D:6      | Found Fot Kalewk's Antique Armour Emporium.
  9200 | D:6      | Bought a smouldering leather armour for 217 gold pieces
  9200 | D:6      | Identified the +1 leather armour "Ronev" {rF+ Regen+ Str+3}
                  | (You bought it in a shop on level 6 of the Dungeon)
 10015 | D:6      | Found a shimmering altar of Xom.
 10314 | D:7      | Noticed a troll
 10443 | D:7      | Found an iron altar of Okawaru.
 10459 | D:7      | Found a runed translucent door.
 10646 | D:7      | Killed a troll
 10728 | D:7      | Noticed MothFluffs's ghost (novice DgCj)
 10862 | D:7      | Found Orul's Book Shop.
 11151 | D:7      | Found a staircase to the Ecumenical Temple.
 11169 | Temple   | Entered the Ecumenical Temple
 11184 | Temple   | Became a worshipper of Vehumet
 11449 | D:7      | Gained mutation: Your touch may inflict minor irresistible
                  | damage on your foes. [demonic ancestry]
 11449 | D:7      | Reached XP level 10. HP: 79/79 MP: 8/22
 11542 | D:7      | Found a sparkling altar of Nemelex Xobeh.
 11542 | D:7      | Found a hide-covered altar of Uskayaw.
 11562 | D:7      | Found a snail-covered altar of Cheibriados.
 11870 | D:8      | Gained mutation: Your touch may inflict irresistible damage
                  | on your foes. [demonic ancestry]
 11870 | D:8      | Reached XP level 11. HP: 82/82 MP: 23/23
 11878 | D:8      | Learned a level 6 spell: Plasma Beam
 12570 | D:8      | Found a staircase to the Lair.
 13156 | D:9      | Reached * piety under Vehumet
 13156 | D:9      | Offered knowledge of Freeze by Vehumet.
 13514 | D:9      | Noticed Erica
 13527 | D:9      | Killed Erica
 14625 | D:10     | Entered Level 10 of the Dungeon
 14627 | D:10     | Noticed a two-headed ogre
 16074 | D:11     | Gained mutation: You are covered in fur. (AC +1) [potion of
                  | mutation]
 16478 | D:11     | Offered knowledge of Kiss of Death by Vehumet.
 16545 | D:11     | Found a flickering gateway to a bazaar.
 16553 | Bazaar   | Entered a bazaar
 16574 | Bazaar   | Found Ogouh's Distillery.
 16590 | Bazaar   | Found Vysamp's Magic Scroll Emporium.
 16590 | Bazaar   | Found Sirerena's Distillery.
 16625 | Bazaar   | Found Kunil's Antique Weapon Emporium.
 16685 | Bazaar   | Bought a scroll of fear for 44 gold pieces
 16685 | Bazaar   | Bought a scroll of teleportation for 33 gold pieces
 16685 | Bazaar   | Bought a scroll of enchant armour for 82 gold pieces
 16685 | Bazaar   | Bought a scroll of teleportation for 33 gold pieces
 16691 | Bazaar   | Bought 2 potions of haste for 200 gold pieces
 16750 | D:11     | Reached ** piety under Vehumet
 16833 | D:11     | Noticed a soul eater
 17749 | Lair:1   | Entered Level 1 of the Lair of Beasts
 17762 | Lair:1   | Reached XP level 12. HP: 97/97 MP: 19/24
 17856 | Lair:1   | Found a frozen archway.
 17865 | IceCv    | Entered an ice cave
 18041 | IceCv    | Reached skill level 10 in Fighting
 18043 | IceCv    | Noticed a reaper
 18048 | IceCv    | Killed a reaper
 18482 | IceCv    | Offered knowledge of Scorch by Vehumet.
 18654 | IceCv    | Identified the staff "Plog" {Will++ Dex+6 Hexes Earth}
 18775 | D:8      | Reached skill level 1 in Shields
 18942 | D:8      | Reached *** piety under Vehumet
 19333 | Lair:1   | Reached skill level 10 in Fire Magic
 20129 | Lair:2   | Offered knowledge of Dazzling Flash by Vehumet.
 20380 | Lair:2   | Found a staircase to the Shoals.
 20665 | Lair:2   | Reached **** piety under Vehumet
 20694 | Lair:2   | Gained mutation: You are mostly covered in icy blue scales.
                  | (AC +3) [demonic ancestry]
 20694 | Lair:2   | Reached XP level 13. HP: 106/106 MP: 2/25
 21229 | Lair:2   | Noticed gdog's ghost (journeyman GnDe)
 21231 | Lair:2   | Found a transporter.
 21256 | Lair:2   | Found a transporter.
 21791 | Lair:2   | Offered knowledge of Mephitic Cloud by Vehumet.
 21796 | Lair:2   | Learned a level 3 spell: Mephitic Cloud
 22697 | Lair:3   | Reached skill level 5 in Shields
 22832 | Lair:3   | Reached skill level 1 in Alchemy
 23937 | Lair:3   | Found a hole to the Spider Nest.
 24107 | Lair:4   | Reached ***** piety under Vehumet
 24242 | Lair:4   | Found a gate leading to a gauntlet.
 24262 | Gauntlet | Entered a Gauntlet
 24262 | Gauntlet | Found a transporter.
 24262 | Gauntlet | Found a transporter.
 24262 | Gauntlet | Found a transporter.
 24380 | Gauntlet | Found a transporter.
 24382 | Gauntlet | Found a transporter.
 24390 | Gauntlet | Found a transporter.
 24393 | Gauntlet | Found a transporter.
 24401 | Gauntlet | Found a transporter.
 24419 | Gauntlet | Found a transporter.
 24420 | Gauntlet | Noticed a green death
 24437 | Gauntlet | Found a transporter.
 24440 | Gauntlet | Found a transporter.
 24444 | Gauntlet | Found the amulet of the Four Winds {rN+ Will+++ Clar}
 24451 | Gauntlet | Found a transporter.
 24547 | Gauntlet | Offered knowledge of Flame Wave by Vehumet.
 24573 | Gauntlet | Reached skill level 5 in Alchemy
 24708 | Gauntlet | Killed a green death
 24814 | Gauntlet | Identified the ring of Sloth {Fire *Slow Will++}
 24870 | Gauntlet | Identified the +3 spear of the Tiger {heavy, rF+}
 24870 | Gauntlet | Identified the ring of Entrepreneurial Spirit {Fly rPois
                  | rCorr Slay-5}
 24870 | Gauntlet | Noticed a minotaur
 24876 | Gauntlet | Killed a minotaur
 25832 | Lair:4   | Identified the +1 long sword "Qecy" {drain, Int+4}
 25914 | Lair:4   | Found a staircase to the Slime Pits.
 26013 | Lair:4   | Found a viscous altar of Jiyva.
 26109 | Lair:4   | Identified the +7 quarterstaff of Uskayaw's Favour {flame,
                  | +Blink rPois}
 26272 | Lair:5   | Entered Level 5 of the Lair of Beasts
 26296 | Lair:4   | Reached XP level 14. HP: 75/115 MP: 15/26
 26358 | Lair:4   | Learned a level 6 spell: Eringya's Noxious Bog
 26992 | Lair:5   | Identified the +6 rapier of Qeoh {flame, rC- Dex+6}
 27167 | Lair:5   | Reached skill level 10 in Alchemy
 27264 | Lair:5   | Offered knowledge of Freezing Cloud by Vehumet.
 27645 | Lair:5   | Found a large runed translucent door.
 27646 | Lair:5   | Found a large runed translucent door.
 30193 | D:12     | Found a staircase to the Orcish Mines.
 30309 | D:12     | Reached skill level 5 in Dodging
 30809 | D:12     | Reached XP level 15. HP: 124/124 MP: 17/28
 30895 | D:12     | Identified the +3 ring mail of Nihilism {rPois}
 31528 | D:13     | Reached skill level 10 in Spellcasting
 31574 | D:13     | Identified the +6 whip "Otont" {spect, +Blink}
 31597 | D:13     | Offered knowledge of Bombard by Vehumet.
 31757 | D:13     | Found a gate to the Vaults.
 32248 | D:13     | Noticed Lodul
 32249 | D:13     | Killed Lodul
 32320 | D:13     | You fall into a shaft and drop 1 floor!
 32879 | D:14     | Identified the ring of Dipiofaa {rC++ rCorr Str+6 Dex-3}
 32996 | D:14     | Offered knowledge of Arcjolt by Vehumet.
 33031 | D:14     | Noticed a fire giant
 33037 | D:14     | Killed a fire giant
 33619 | D:15     | Entered Level 15 of the Dungeon
 33775 | D:15     | Reached skill level 15 in Fighting
 33849 | D:15     | Identified the +8 shortbow of Malum Prohibitum {heavy, rC+
                  | Will+ Str-3}
 34092 | D:15     | Gained mutation: You punish those that try to bend your
                  | will. (Will+) [demonic ancestry]
 34092 | D:15     | Reached XP level 16. HP: 42/136 MP: 24/30
 34271 | D:15     | Found a staircase to the Depths.
 34348 | D:15     | Reached skill level 10 in Dodging
 34656 | D:15     | Found a sparkling altar of Nemelex Xobeh.
 35085 | Orc:1    | Entered Level 1 of the Orcish Mines
 35126 | Orc:1    | Offered knowledge of Ozocubu's Refrigeration by Vehumet.
 35300 | Orc:2    | Entered Level 2 of the Orcish Mines
 35333 | Orc:2    | Found a staircase to the Elven Halls.
 35959 | Orc:2    | Found Gorrayme's Armour Emporium.
 35959 | Orc:2    | Found Sinury Gakun's Armour Emporium.
 35960 | Orc:2    | Found Sottoik's Antique Armour Boutique.
 35960 | Orc:2    | Found Geri's Book Boutique.
 35970 | Orc:2    | Bought a runed cloak for 187 gold pieces
 36335 | Orc:1    | You fall into a shaft and drop 1 floor!
 36598 | Spider:1 | Entered Level 1 of the Spider Nest
 36802 | Spider:1 | Reached ****** piety under Vehumet
 36955 | Lair:3   | Offered knowledge of Spellforged Servitor by Vehumet.
 37102 | Spider:1 | Reached skill level 2 in Conjurations
 37115 | Spider:1 | Reached skill level 3 in Conjurations
 37759 | Spider:2 | You fall into a shaft and drop 1 floor!
 37763 | Spider:3 | Reached skill level 4 in Conjurations
 37840 | Spider:3 | Identified the +1 pair of boots of the Fletcher {rCorr MP-9
                  | Int+2}
 39079 | Spider:3 | Identified the +4 leather armour of Subjectivity {Rampage
                  | Str+4 Dex+2}
 39250 | Spider:4 | Entered Level 4 of the Spider Nest
 39250 | Spider:4 | Noticed Agnes
 39255 | Spider:4 | Killed Agnes
 39355 | Spider:4 | Reached XP level 17. HP: 142/142 MP: 26/31
 39407 | Spider:4 | Offered knowledge of Lehudib's Crystal Spear by Vehumet.
 41244 | Spider:4 | Reached skill level 10 in Shields
 42109 | Spider:4 | Got a gossamer rune of Zot
 42111 | Spider:4 | Identified the +2 pair of boots of Good Intentions {rElec
                  | rF+ Stlth+}
 42336 | Shoals:1 | Entered Level 1 of the Shoals
 42337 | Shoals:1 | Offered knowledge of Polar Vortex by Vehumet.
 42337 | Shoals:1 | Offered knowledge of Ignition by Vehumet.
 42337 | Shoals:1 | Offered knowledge of Maxwell's Capacitive Coupling by
                  | Vehumet.
 42510 | Lair:2   | Learned a level 8 spell: Maxwell's Capacitive Coupling
 42571 | Shoals:1 | Noticed Mlioglotl
 42583 | Shoals:1 | Killed Mlioglotl
 42917 | Shoals:1 | Found the ring of the Tortoise {AC+8}
 45302 | Shoals:3 | Reached XP level 18. HP: 142/149 MP: 6/32
 45446 | Shoals:3 | Found Jauch's Jewellery Boutique.
 45517 | Shoals:3 | Found Wuveh's Book Shoppe.
 45536 | Shoals:3 | Bought a manual of Spellcasting for 1040 gold pieces
 45798 | Shoals:3 | Found Wiazudas's Armour Boutique.
 45800 | Shoals:3 | Found Cessela's Distillery.
 45812 | Shoals:3 | Found Siqeok's Weapon Shoppe.
 45813 | Shoals:3 | Bought a potion of invisibility for 104 gold pieces
 45813 | Shoals:3 | Bought a potion of resistance for 130 gold pieces
 45813 | Shoals:3 | Bought a potion of brilliance for 52 gold pieces
 45813 | Shoals:3 | Bought a potion of heal wounds for 65 gold pieces
 46147 | Shoals:4 | Entered Level 4 of the Shoals
 46153 | Shoals:4 | Identified the blade talisman of Evolution {rElec rPois rN+
                  | Int-2}
 46464 | Shoals:4 | Reached skill level 5 in Conjurations
 46743 | Shoals:4 | Identified the +1 ring mail "Depn" {Rampage Dex+2}
 46933 | Shoals:4 | Got a barnacled rune of Zot
 47005 | Shoals:4 | Identified the +6 flail "Xadghili" {venom, Dex+3}
 48000 | Elf:1    | Entered Level 1 of the Elven Halls
 48858 | Elf:1    | Noticed Norris
 48860 | Elf:1    | Reached skill level 6 in Conjurations
 48864 | Elf:1    | Killed Norris
 49184 | Elf:1    | Paralysed by an air elemental for 1 turns
 49729 | Elf:2    | Identified a scroll of acquirement
 49773 | Elf:2    | Acquired a staff of air
 49906 | Elf:2    | Found Pocaseke's General Store.
 49967 | Elf:2    | Found a portal to a secret trove of treasure.
 50577 | Elf:2    | Found a runed translucent gate.
 50578 | Elf:2    | Found a runed translucent gate.
 50578 | Elf:2    | Found a runed translucent gate.
 50824 | Elf:3    | Entered Level 3 of the Elven Halls
 50861 | Elf:3    | Found a magical portal.
 50866 | WizLab   | Entered Alistair's Party Mansion
 51296 | WizLab   | Reached skill level 7 in Conjurations
 51475 | WizLab   | Noticed a golden dragon
 51475 | WizLab   | Noticed a golden dragon
 51481 | WizLab   | Gained mutation: You sometimes gain power by taking damage.
                  | [demonic ancestry]
 51481 | WizLab   | Reached XP level 19. HP: 27/155 MP: 20/35
 52477 | Elf:3    | Identified the +0 robe of Sif Muna's Wrath {+Inv Int-2
                  | Stlth+}
 52680 | Elf:3    | Identified the +3 dagger "Zyetwi" {flame, rPois Will-
                  | Int+7}
 52800 | Elf:3    | Identified the +4 chain mail of Parlour Games {Dex+3
                  | Stlth+}
 52803 | Elf:3    | Reached skill level 8 in Conjurations
 52964 | Elf:3    | Identified the +8 plate armour of Rotini {Dex+2 SInv}
 53203 | Elf:3    | Reached skill level 15 in Shields
 53245 | Elf:3    | Identified the ring "Riteduh" {^Drain rElec rN+ rCorr
                  | Dex+2}
 53248 | Elf:3    | Reached skill level 15 in Air Magic
 53343 | Elf:3    | Got the Quarto of Space
 53347 | Elf:3    | Got the Grimoire of Ectoplasm and the Compass
 53406 | Elf:3    | Identified the +2 pair of gloves of Kiepe
 53598 | Vaults:1 | Entered Level 1 of the Vaults
 53714 | Vaults:1 | Identified the +9 mace of Sulphur {pain, ^Fragile Dex+6}
 53953 | Vaults:1 | Reached skill level 9 in Conjurations
 54357 | Vaults:1 | Reached skill level 10 in Conjurations
 54412 | Vaults:1 | Reached skill level 15 in Spellcasting
 54919 | Vaults:1 | Found Erro's Armour Shop.
 54928 | Vaults:1 | Gained mutation: Your touch may irresistibly damage your
                  | foes and sap their willpower. [demonic ancestry]
 54928 | Vaults:1 | Reached XP level 20. HP: 162/162 MP: 32/39
 55353 | Vaults:1 | Reached skill level 11 in Conjurations
 56520 | Vaults:2 | Reached skill level 12 in Conjurations
 56609 | Vaults:2 | Found Zupive's Magic Scroll Boutique.
 56613 | Vaults:2 | Bought a scroll of blinking for 112 gold pieces
 56613 | Vaults:2 | Bought a scroll of enchant armour for 112 gold pieces
 56613 | Vaults:2 | Bought a scroll of teleportation for 45 gold pieces
 56613 | Vaults:2 | Bought a scroll of revelation for 112 gold pieces
 57579 | Vaults:2 | Found a staircase to the Crypt.
 57794 | Vaults:3 | Noticed Margery
 57803 | Vaults:3 | Killed Margery
 57905 | Vaults:3 | Noticed Jory
 57915 | Vaults:3 | Killed Jory
 57920 | Vaults:3 | Reached skill level 13 in Conjurations
 58876 | Vaults:3 | Identified the +0 scale mail of the Game of Kings {Str+6}
 59421 | Vaults:4 | Gained mutation: You are powered by pain. [demonic
                  | ancestry]
 59421 | Vaults:4 | Reached XP level 21. HP: 168/168 MP: 33/40
 59651 | Vaults:4 | Reached skill level 14 in Conjurations
 59703 | Vaults:4 | Noticed Sojobo
 59716 | Vaults:4 | Killed Sojobo
 60682 | Vaults:4 | Found Erawn's General Store.
 60727 | Vaults:4 | Bought a potion of cancellation for 168 gold pieces
 60738 | Vaults:4 | Learned a level 9 spell: Chain Lightning
 61092 | Depths:1 | Entered Level 1 of the Depths
 61092 | Depths:1 | Found a gateway to Hell.
 61121 | Depths:1 | Found a one-way gate to the infinite horrors of the Abyss.
 61550 | Depths:1 | Found a stormy altar of Qazlal.
 61563 | Depths:1 | Reached skill level 15 in Conjurations
 62766 | Depths:2 | Noticed Louise
 62771 | Depths:2 | Killed Louise
 62880 | Depths:2 | Noticed a golden dragon
 62885 | Depths:2 | Killed a golden dragon
 63225 | Depths:2 | Identified the +5 rapier "Ytaehent" {flame, Will+}
 63243 | Depths:2 | Noticed a golden dragon
 63249 | Depths:2 | Killed a golden dragon
 63579 | Depths:2 | Found a one-way gate leading to the halls of Pandemonium.
 63669 | Depths:2 | Reached skill level 16 in Conjurations
 64180 | Depths:2 | Noticed a golden dragon
 64186 | Depths:2 | Killed a golden dragon
 64449 | Depths:2 | Noticed a golden dragon
 64454 | Depths:2 | Killed a golden dragon
 64494 | Depths:2 | Reached XP level 22. HP: 92/175 MP: 34/41
 64908 | Depths:3 | Noticed Boris
 64909 | Depths:3 | Noticed a golden dragon
 65018 | Depths:3 | Killed a golden dragon
 65022 | Depths:3 | Noticed a caustic shrike
 65024 | Depths:3 | Killed Boris
 65029 | Depths:3 | Noticed a caustic shrike
 65030 | Depths:3 | Noticed a caustic shrike
 65031 | Depths:3 | Noticed a caustic shrike
 65037 | Depths:2 | Killed a caustic shrike
 65215 | Depths:3 | Killed a caustic shrike
 65230 | Depths:3 | Killed a caustic shrike
 65231 | Depths:3 | Noticed a caustic shrike
 65235 | Depths:3 | Killed a caustic shrike
 65236 | Depths:3 | Reached skill level 17 in Conjurations
 65374 | Depths:3 | Killed a caustic shrike
 66265 | Depths:4 | Entered Level 4 of the Depths
 66276 | Depths:4 | Found Gaifit Gulo's Book Emporium.
 66278 | Depths:4 | Found Ovipn's Jewellery Boutique.
 66285 | Depths:4 | Found Ofoghic's Book Emporium.
 66295 | Depths:4 | Bought a manual of Conjurations for 1120 gold pieces
 66687 | Depths:4 | Reached skill level 18 in Conjurations
 66822 | Depths:4 | Noticed Boris
 66823 | Depths:4 | Noticed a golden dragon
 66826 | Depths:4 | Killed Boris
 67055 | Depths:3 | Killed a golden dragon
 67309 | Depths:4 | Noticed a juggernaut
 67313 | Depths:4 | Killed a juggernaut
 67647 | Depths:4 | Found a gate to the Realm of Zot.
 67772 | Depths:4 | Reached skill level 19 in Conjurations
 67946 | Depths:4 | Found a one-way gateway to a ziggurat.
 68157 | Depths:4 | Upgraded the game from 0.31-a0-1321-g5021b54cb2 to
                  | 0.31-a0-1338-gb567cfdca4
 68157 | Depths:4 | Upgraded the game from 0.31-a0-1338-gb567cfdca4 to
                  | 0.31-a0-1370-gf52a5a9ab3
 68373 | Crypt:1  | Entered Level 1 of the Crypt
 69362 | Crypt:1  | Found a large runed translucent door.
 69362 | Crypt:1  | Found a large runed translucent door.
 69363 | Crypt:1  | Noticed Viul Aps's ghost (veteran FoFi)
 69634 | Crypt:1  | Reached XP level 23. HP: 180/180 MP: 40/42
 69682 | Crypt:1  | Reached skill level 20 in Conjurations
 70144 | Crypt:1  | Killed Viul Aps's ghost
 71579 | Crypt:3  | Entered Level 3 of the Crypt
 71602 | Crypt:3  | Gained mutation: Your body sometimes deteriorates upon
                  | taking damage. [mutagenic glow]
 71613 | Crypt:3  | Reached skill level 21 in Conjurations
 71625 | Crypt:3  | Gained mutation: Your health recovers twice as slowly from
                  | being drained. [mutagenic glow]
 73036 | Crypt:3  | Identified the ring "Uby Dil" {rPois rN+}
 73099 | Crypt:3  | Identified the ring "Ebueczis" {rF- rN+ rCorr Dex+5}
 73105 | Crypt:3  | Reached skill level 22 in Conjurations
 73326 | Crypt:3  | Identified the +7 swamp dragon scales "Seqest" {rPois Str+3
                  | Int+4 Dex-3 Slay+3}
 73326 | Crypt:3  | Identified the ring "Suutirchi" {rC++ rN+ Str+2 Int+2}
 73511 | Crypt:3  | Found an ancient bone altar of Kikubaaqudgha.
 74100 | Crypt:3  | Found a staircase to the Tomb.
 74663 | Crypt:3  | Reached skill level 23 in Conjurations
 74712 | Crypt:3  | Got the Compendium of Bones
 75013 | Vaults:5 | Entered Level 5 of the Vaults
 75016 | Vaults:5 | Noticed a dread lich
 75023 | Vaults:5 | Gained mutation: You are completely covered in icy blue
                  | scales. (AC +4, rC+) [demonic ancestry]
 75023 | Vaults:5 | Reached XP level 24. HP: 145/193 MP: 40/43
 75023 | Vaults:5 | Killed a dread lich
 75028 | Vaults:5 | Reached skill level 24 in Conjurations
 75343 | Vaults:5 | Reached skill level 25 in Conjurations
 75535 | Vaults:5 | Reached skill level 1 in Staves
 76103 | Vaults:5 | Got a silver rune of Zot
 76119 | Vaults:5 | Identified the +9 glaive of Zaunuik {heavy, rElec Str+7
                  | Int-5 Dex-2}
 76761 | Vaults:5 | Identified the +1 scale mail "Esackaso" {Harm rElec}
 77164 | Zot:1    | Entered Level 1 of the Realm of Zot
 77522 | Zot:1    | Reached skill level 5 in Staves
 78024 | Zot:1    | Identified the +6 dagger of Ikkipa Ythrenk {heavy, Will++
                  | MP+9 Int+2 Dex-3}
 78133 | Zot:1    | Identified the ring of Neit {Ice Slay+2}
 78133 | Zot:1    | Noticed Josephina
 78272 | Zot:1    | Noticed Grunn
 78288 | Zot:1    | Killed Grunn
 78540 | Zot:1    | Killed Josephina
 78541 | Zot:1    | Gained mutation: You are resistant to unholy torment.
                  | [demonic ancestry]
 78541 | Zot:1    | Reached XP level 25. HP: 204/204 MP: 43/43
 78582 | Zot:1    | Noticed an orb of fire
 78587 | Zot:1    | Killed an orb of fire
 78747 | Zot:2    | Noticed an orb of fire
 78986 | Zot:2    | Killed an orb of fire
 79045 | Zot:2    | Identified the +4 spear of Beogh's Benevolence {drain,
                  | +Blink rC+ Dex+6}
 79046 | Zot:2    | Got Sif Muna's Codex of The Black Sun
 80718 | Zot:3    | Found a burning altar of Makhleb.
 81973 | Zot:4    | Noticed a Killer Klown
 82001 | Zot:4    | Noticed a Killer Klown
 82814 | Zot:4    | Noticed an orb of fire
 82817 | Zot:4    | Gained mutation: You are clumsy. (Dex -2) [an orb of fire]
 82818 | Zot:4    | Killed an orb of fire
 82935 | Zot:4    | Identified the ring "Nieconif" {Fire *Corrode MP+9 Dex+4}
 83015 | Zot:4    | Noticed Cemmere's ghost (veteran TrCK)
 83044 | Zot:4    | Noticed a dread lich
 83045 | Zot:4    | Found a transporter.
 83135 | Zot:4    | Found a transporter.
 83594 | Zot:5    | Entered Level 5 of the Realm of Zot
 83967 | Zot:5    | Noticed a dread lich
 83972 | Zot:5    | Killed a dread lich
 84193 | Zot:5    | Reached XP level 26. HP: 218/218 MP: 32/43
 84282 | Zot:5    | Reached skill level 15 in Dodging
 84283 | Zot:5    | Noticed a dread lich
 84284 | Zot:5    | Noticed an orb of fire
 84285 | Zot:5    | Killed a dread lich
 84286 | Zot:5    | Reached skill level 10 in Staves
 84292 | Zot:5    | Killed an orb of fire
 84315 | Zot:5    | Noticed an orb of fire
 84326 | Zot:5    | Gained mutation: You occasionally lose the ability to drink
                  | potions when taking damage. [an orb of fire]
 84330 | Zot:5    | Killed an orb of fire
 84703 | Zot:5    | Noticed an orb of fire
 84710 | Zot:5    | Killed an orb of fire
 84724 | Zot:5    | Noticed an orb of fire
 84730 | Zot:5    | Killed an orb of fire
 85320 | Zot:5    | Found a viscous altar of Jiyva.
 85390 | Zot:5    | Found a viscous altar of Jiyva.
 85961 | Zot:5    | Got the Orb of Zot
 86192 | D:15     | Noticed Xuwuot the pandemonium lord
 86197 | D:15     | Killed Xuwuot the pandemonium lord
 86239 | D:14     | Noticed Toelex the pandemonium lord
 86487 | D:$      | Escaped with the Orb!

Illustrated notes

Levels and vault maps discovered:
D:1:      lightli_arrival_maybe_door_vault, layout_rooms, basic_ecumenical_altar
D:2:      layout_basic, basic_altar
D:3:      layout_basic, mainiacjoe_overflow_concentric_impassable,
          kiku_gazebo_pond_becter
D:4:      kennysheep_goblin_castle, layout_loops_cross,
          grunt_temple_overflow_holy_war, nicolae_elevator_lobby_plus
D:5:      layout_basic, nicolae_overflow_macrodata_refinement,
          nicolae_ossuary_entry_false_entrances
D:6:      layout_rooms, mainiacjoe_overflow_tiny_flanked, serial_demonic,
          serial_demonic_c, serial_demonic_e, serial_demonic_g,
          serial_demonic_g, serial_demonic_a, serial_demonic_a,
          serial_demonic_g, serial_shops, shop, minmay_crossroads
D:7:      layout_cave_pools, lemuel_coloured_pillars_altar,
          nicolae_elyvilon_temple_path, gammafunk_temple_overflow_wave,
          nicolae_overflow_hidden_temple, minmay_temple_entry_mini_moons,
          ebering_ghost_reflecting_pool, serial_shops, nicolae_shop_trees,
          nicolae_titane
D:8:      layout_basic, lair_entry_dummy, amcnicky_mini_pool_small
D:9:      layout_basic, uniq_erica
D:10:     layout_loops_ring
D:11:     layout_loops_corners, serial_shops, bzr_entry_islet
D:12:     regret_index_reflect_refract, layout_rooms, zombieorc2_lemuel,
          minmay_the_grid_2x2 [minmay_the_grid_doors, minmay_the_grid_garden,
          minmay_the_grid_plusring, minmay_the_grid_prize_four_corners]
D:13:     layout_rooms, david_vaults_4, uniq_lodul
D:14:     minmay_expanding_squares, layout_rooms
D:15:     grunt_enter_depths_magical_seal, layout_basic,
          nemelex_xobeh_ov_fountains_minmay,
          serial_library_hellmonk_reading_circle
Temple:   hellmonk_temple_of_storms
Lair:1:   layout_misc_corridors, portal_ice_cave_entry_pillars_1,
          beast_lair_carwin_4
Lair:2:   layout_cave_pods, nicolae_shoals_entry_roost, gammafunk_ghost_arena,
          kennysheep_abandoned_house
Lair:3:   layout_cave_pods, hellmonk_spider_entry_life_and_decay,
          grunt_megastairs_2, lemuel_fruit_fields
Lair:4:   layout_concentric_octagons, nicolae_slime_entry_field_trip,
          gauntlet_entry_generic, chequers_serial_rivers_micro_d,
          chequers_serial_rivers_small_b, nicolae_quartered_pool_super,
          nicolae_lair_grazing_beasts [nicolae_sub_lair_graze_edge,
          nicolae_sub_lair_graze_edge, nicolae_sub_lair_graze_edge,
          nicolae_sub_lair_graze_edge]
Lair:5:   cheibrodos_lair_end_hotspot, layout_misc_corridors,
          infiniplex_staircase_pool_2
Shoals:1: layout_shoals, yaktaur_hedge, uniq_mlioglotl
Shoals:2: layout_shoals, nicolae_shoals_loop_pool
Shoals:3: layout_shoals, serial_shops, shop, shop, shop, shop_fountains, shop
Shoals:4: shoals_end_grunt_ice, layout_shoals
Spider:1: layout_spider_delve
Spider:2: layout_chambers
Spider:3: layout_spider_delve, nicolae_spider_orb_run
Spider:4: floodkiller_spider_rune_tomb, uniq_agnes
Orc:1:    layout_caves
Orc:2:    st_orc_elflike, layout_caves, basic_altar
Elf:1:    minmay_elf_arrival_summoners, layout_onion_city,
          nicolae_elf_crossing_hall, uniq_norris
Elf:2:    nicolae_elf_blades_crystal_corner, layout_gridlike, serial_shops,
          shop, nicolae_trove_entry_crystal
Elf:3:    minmay_elf_hall_furrowed, layout_geoelf_grid, mu_enter_wizlab_7
Vaults:1: nicolae_vaults_arrows, hangedman_vaults_hat, v_pattern_3,
          nicolae_vaults_door_testing_chamber, grunt_vaults_diagonal,
          nicolae_vaults_what_the_h, nicolae_vaults_security_offices_4,
          grunt_vaults_twisty, vaults_room_grid, layout_vaults_chaotic_city,
          serial_shops, shop
Vaults:2: vaults_room_stairs_pillars, vaults_room_door_hall,
          nicolae_vaults_apartment_1, nicolae_vaults_ninety_degrees,
          nicolae_vaults_asterisk, nicolae_vaults_yaktaur_gun_rack,
          nicolae_vaults_security_offices_1, nicolae_vaults_network_s,
          dpeg_vaults_monster_box, hangedman_vaults_corner_blocks,
          minmay_crypt_entry_vampire_xt, vaults_room_semicircle,
          nicolae_vaults_double_plus_2, vaults_dpeg_emergency_exit,
          layout_vaults_big_cross, serial_shops, shop
Vaults:3: hangedman_vaults_cutoff, nicolae_vaults_alarming,
          vaults_mumra_minichess, vaults_dpeg_diagonal, vaults_room_fancy_cross,
          nicolae_vaults_meiosis, v_misc_32,
          serial_library_regret_index_small_wings, v_pattern_4,
          ontoclasm_vaults_decontamination, nicolae_vaults_little_squares_3,
          nicolae_vaults_bisected_slash, layout_vaults_maze_bifur, uniq_jory,
          uniq_margery
Vaults:4: vaults_mumra_hexcomb, hangedman_vaults_snaps,
          nicolae_vaults_display_case, vaults_mumra_lcd,
          nicolae_vaults_closet_pinwheel_4, nicolae_vaults_network_barrier,
          nicolae_vaults_apartment_2, ontoclasm_vaults_claustrophobia,
          nicolae_vaults_storage_room_doors, nicolae_vaults_little_squares_4,
          v_pattern_2, nicolae_vaults_heart-shaped_vault,
          nicolae_vaults_tetromino_T_2, layout_vaults_ring, serial_shops, shop,
          uniq_sojobo
Vaults:5
Crypt:1:  layout_chaotic_city, ebering_ghost_disaster_area, grunt_megastairs_4,
          grunt_crypt_arrival_guarded_gate
Crypt:2:  layout_chaotic_city
Crypt:3:  church_of_pain_bobbens, layout_chaotic_city,
          nicolae_tomb_entry_grand_gallery, minmay_strange_pillars, st_stairs_7,
          minivault_5, minivault_14
Depths:1: layout_cave_pools, hell_entry, abyss_entry, minivault_16,
          nicolae_qazlal_style_of_elements
Depths:2: minmay_three_patterns, layout_gridlike, rand_demon_pan_entry_1,
          hell_entry, nicolae_abyss_entry_one_way_or_another,
          nicolae_figureground_sparkle, minmay_swirly_circle,
          minmay_staircase_windowed_small
Depths:3: cheibrodos_lost_city_excavation, layout_basic,
          serial_library_hellmonk_h_bend, abyss_entry,
          grunt_hell_entry_dis_grunt, uniq_boris
Depths:4: grunt_twist_and_shout, layout_basic, enter_ziggurat_a, hell_entry,
          ebering_dispersal_statue_hall, minmay_shop_grove
Zot:1:    layout_gridlike, hangedman_zot_gyre, uniq_grunn, uniq_josephina
Zot:2:    dreamdust_black_sun_cult, layout_gridlike,
          regret_index_zotdec_gossamer_gf
Zot:3:    layout_onion_interference, regret_index_zotdec_ex,
          st_small_dragon_hoard_3, regret_index_zotdec_demonic_mixed,
          grunt_megastairs_3
Zot:4:    layout_gridlike, gammafunk_ghost_abyssal_escape
Zot:5:    layout_cathedral_of_symmetry, regret_index_zotdec_slimy_original

Skill      XL: |  1  2  3  4  5  6  7  8  9 10 11 12 13 14 15 16 17 18 19 20 21 22 23 24 25 26 |
---------------+-------------------------------------------------------------------------------+-----
Air Magic      | 3 4 5 6 7 8 9 11 12 13 14 15 17 18 20 21 | 21.7
Spellcasting   | 3 5 8 9 10 12 15 16 | 16.7
Fighting       | 1 2 3 4 5 7 9 11 12 13 15 16 18 20 | 20.0
Fire Magic     | 6 8 10 11 | 11.5
Shields        | 4 6 8 12 14 15 | 15.0
Alchemy        | 8 10 | 10.0
Dodging        | 5 9 12 14 16 | 16.4
Conjurations   | 4 7 10 13 16 19 23 25 | 25.5
Staves         | 5 9 12 | 12.0
Stealth        | |  1.7

Action                     |  1- 3 |  4- 6 |  7- 9 | 10-12 | 13-15 | 16-18 | 19-21 | 22-24 | 25-27 || total
---------------------------+-------+-------+-------+-------+-------+-------+-------+-------+-------++-------
  Melee: Dagger            |    29 |    23 |       |       |       |       |       |       |       ||    52
         Unarmed           |    13 |       |       |       |       |       |       |       |       ||    13
         Punch             |     1 |       |     2 |     1 |       |       |       |       |       ||     4
         Whip              |       |    50 |   192 |   200 |    60 |       |       |       |       ||   502
         Touch             |       |       |       |    21 |       |       |       |       |       ||    21
         Staff             |       |       |       |       |   161 |   141 |    30 |   267 |    43 ||   642
   Cast: Shock             |    90 |   159 |    77 |     6 |     1 |       |       |       |       ||   333
         Airstrike         |       |     1 |   126 |   137 |    50 |    11 |       |       |       ||   325
         Plasma Beam       |       |       |       |    82 |   322 |   446 |   374 |   247 |    59 ||  1530
         Eringya's Noxious |       |       |       |       |    25 |    44 |    27 |     4 |       ||   100
         Maxwell's Capacit |       |       |       |       |       |    31 |    57 |   135 |    56 ||   279
         Chain Lightning   |       |       |       |       |       |       |       |    83 |   110 ||   193
  Evoke: Wand              |       |     4 |       |     5 |     3 |     3 |       |     4 |     1 ||    20
         Lightning rod     |       |       |       |       |       |       |       |     7 |       ||     7
    Use: Scroll            |       |    10 |     2 |    13 |     6 |    12 |     3 |     6 |     4 ||    56
         Potion            |       |     1 |     1 |     8 |     2 |     8 |     2 |     8 |    14 ||    44
   Stab: Sleeping          |       |     3 |       |     1 |       |       |       |     1 |       ||     5
 Armour: Robe              |    33 |    77 |   110 |       |       |       |       |       |       ||   220
         Leather armour    |       |       |   118 |   244 |   427 |   321 |   215 |   386 |   223 ||  1934
         Skin              |       |       |       |     3 |       |       |       |       |       ||     3
  Dodge: Dodged            |    46 |    74 |   206 |   181 |   294 |   277 |   113 |   227 |    84 ||  1502
  Block: Other             |     9 |    17 |    55 |    27 |       |       |       |       |       ||   108
         Buckler           |       |       |       |    56 |   298 |   128 |       |       |       ||   482
         Kite shield       |       |       |       |       |       |   287 |   306 |   646 |   132 ||  1371

Table legend: (Time is in decaauts)
 A = Elapsed time spent in this place.
 B = Non-inter-level travel time spent in this place.
 C = Inter-level travel time spent in this place.
 D = Time resting spent in this place.
 E = Time spent auto-exploring this place.
 F = Levels seen in this place.
 G = Mean time per level.
                   A        B        C        D        E       F      G
               +--------+--------+--------+--------+--------+-----+--------+
         Total |  87140 |  81737 |   5403 |   8320 |  60802 |  56 | 1556.1 |
       Dungeon |  25254 |  22776 |   2478 |   1802 |  17439 |  15 | 1683.6 |
        Temple |     22 |     16 |      6 |      0 |      8 |   1 |   22.0 |
          Lair |   9607 |   9031 |    576 |    835 |   6941 |   5 | 1921.4 |
        Shoals |   5113 |   4922 |    191 |    678 |   3645 |   4 | 1278.2 |
   Spider Nest |   5411 |   5241 |    170 |    657 |   3734 |   4 | 1352.8 |
  Orcish Mines |   1768 |   1536 |    232 |    255 |    977 |   2 |  884.0 |
   Elven Halls |   4636 |   4462 |    174 |      0 |   3817 |   3 | 1545.3 |
        Vaults |   9765 |   9307 |    458 |    727 |   7367 |   5 | 1953.0 |
         Crypt |   6136 |   5918 |    218 |    912 |   3780 |   3 | 2045.3 |
        Depths |   7681 |   7293 |    388 |   1217 |   5055 |   4 | 1920.2 |
           Zot |   8467 |   7959 |    508 |    943 |   5992 |   5 | 1693.4 |
        Bazaar |    178 |    178 |      0 |      0 |     88 |   1 |  178.0 |
       Ossuary |    830 |    830 |      0 |      0 |    661 |   1 |  830.0 |
      Ice Cave |    892 |    892 |      0 |     85 |    534 |   1 |  892.0 |
        Wizlab |    622 |    622 |      0 |      0 |    427 |   1 |  622.0 |
      Gauntlet |    752 |    752 |      0 |    209 |    335 |   1 |  752.0 |
               +--------+--------+--------+--------+--------+-----+--------+

Top non-repeatable levels by time:
Depths:2: 2841 daAuts
Vaults:1: 2680 daAuts
 Crypt:3: 2666 daAuts
  Lair:3: 2534 daAuts
     D:4: 2486 daAuts
    D:11: 2439 daAuts
Spider:4: 2418 daAuts
  Lair:2: 2295 daAuts
     D:9: 2253 daAuts
    D:12: 2219 daAuts
Spider:3: 2161 daAuts
   Elf:3: 2045 daAuts
   Zot:4: 2025 daAuts
Vaults:2: 2021 daAuts
Vaults:4: 1989 daAuts
